Map: Kairos Junction LE

Players

HolyHit - Winner!

  • Race: Protoss Protoss
  • Spawn Location: 5:00

Creed

  • Race: Terran Terran
  • Spawn Location: 11:00

Event: 2019 WCS Spring

VOD

Have the link to the VOD?

Description

Time

  • Played on: May 17, 2019, 11:39 a.m.
  • Length: 13:25

All games in this series

Show
View Real Time Build Order
Export as new Build Order

HolyHit Protoss - Winner!

Build Orders: 1 Gate Expand, Blink Stalkers 

Get SALT Encoding   

  12  0:00  Probe  
  13  0:13  Probe  
  14  0:17  Pylon  
  14  0:24  Probe  
  15  0:32  Probe  
  15  0:38  Gateway  
  15  0:40  Probe  
  16  0:45  Assimilator  
  17  0:51  Probe  
  18  1:03  Probe  
  19  1:15  Probe  
  20  1:22  Nexus  
  20  1:33  Cybernetics Core  
  20  1:37  Assimilator  
  20  1:40  Probe  
  21  1:51  Pylon  
  21  1:52  Probe  
  22  2:00  Stalker  
  22  2:03  Probe  
  23  2:11  Probe  
  25  2:18  Twilight Council  
  25  2:19  Probe  
  26  2:25  Warp Gate  
  27  2:31  Probe  
  27  2:33  Stalker  
  27  2:35  Probe  
  31  2:43  Probe x2  
  32  2:51  Probe, Blink  
  33  2:55  Probe  
  35  3:02  Probe  
  36  3:07  Probe  
  37  3:13  Gateway  
  37  3:14  Probe  
  38  3:21  Probe  
  38  3:23  Gateway  
  38  3:26  Probe  
  40  3:32  Robotics Facility  
  40  3:34  Stalker  
  42  3:36  Probe  
  43  3:42  Probe  
  43  3:44  Pylon  
  43  3:48  Assimilator, Probe  
  44  3:54  Pylon  
  45  3:59  Probe  
  45  4:03  Probe  
  46  4:12  Observer  
  46  4:15  Probe, Pylon  
  46  4:16  Stalker x2  
  52  4:22  Stalker, Pylon  
  54  4:33  Probe  
  54  4:36  Observer, Probe  
  57  4:39  Stalker x2  
  57  4:42  Pylon  
  57  4:45  Nexus  
  61  4:50  Stalker  
  56  5:09  Stalker x2  
  56  5:11  Probe  
  56  5:13  Probe  
  56  5:20  Probe  
  46  5:25  Stalker, Probe  
  46  5:28  Probe  
  48  5:36  Forge  
  48  5:37  Stalker x2  
  48  5:38  Forge  
  53  5:42  Shield Battery  
  53  5:44  Shield Battery  
  53  5:47  Probe x2  
  54  5:55  Probe x2  
  54  5:59  Stalker  
  54  6:02  Stalker  
  54  6:03  Probe x2  
  62  6:11  Probe  
  62  6:18  Stalker  
  65  6:19  Probe x2  
  65  6:24  Observer  
  65  6:25  Stalker  
  67  6:27  Probe  
  67  6:28  Protoss Ground Armor Level 1  
  65  6:35  Probe  
  65  6:38  Protoss Ground Weapons Level 1  
  65  6:39  Stalker  
  64  6:40  Observer  
  64  6:44  Probe  
  66  6:48  Probe  
  66  6:50  Stalker, Probe  
  68  6:55  Probe  
  68  6:58  Stalker, Probe  
  70  7:02  Probe  
  70  7:03  Probe  
  70  7:06  Probe  
  72  7:09  Assimilator  
  72  7:11  Probe  
  72  7:13  Gateway  
  72  7:14  Sentry x2, Probe x2  
  79  7:16  Pylon  
  79  7:17  Charge, Gateway  
  79  7:22  Probe  
  80  7:26  Probe  
  80  7:35  Photon Cannon  
  80  7:39  Zealot x3  
  80  7:42  Gateway  
  86  7:47  Gateway  
  86  7:48  Probe x2  
  88  8:01  Zealot x3  
  88  8:04  Immortal  
  96  8:13  Zealot  
  96  8:14  Zealot  
  98  8:20  Probe x2  
  98  8:21  Probe  
  98  8:24  Pylon  
  98  8:27  Pylon  
  100  8:30  Pylon  
  100  8:32  Protoss Ground Armor Level 2  
  100  8:39  Robotics Bay  
  100  8:40  Observer, Protoss Ground Weapons Level 2  
  100  8:41  Immortal  
  100  8:43  Zealot x4  
  100  8:44  Pylon  
  108  8:51  Pylon  
  108  8:53  Stalker, Pylon  
  114  8:56  Stalker  
  116  9:08  Zealot x4  
  116  9:09  Zealot  
  126  9:18  Zealot  
  126  9:23  Stalker  
  125  9:30  Stalker  
  125  9:31  Stalker  
  129  9:38  Zealot x4  
  131  9:42  Nexus  
  131  9:43  Pylon  
  133  9:51  Gateway  
  132  9:54  Stalker, Gateway  
  132  9:55  Stalker x2  
  124  10:02  Stalker  
  119  10:16  Zealot x2  
  121  10:26  Zealot x2  
  121  10:35  Stalker x2  
  109  10:43  Probe x2  
  111  11:02  Zealot x6, Warp Prism  
  123  11:07  Probe  
  124  11:15  Probe  
  99  11:34  Zealot x6  
  99  11:36  Probe  
  96  11:51  Zealot x2  
  96  11:54  Stalker  
  98  11:55  Stalker x2  
  102  12:02  Stalker x2  
  98  12:17  Zealot x3  
  98  12:18  Zealot x2  
  104  12:25  Probe  
  104  12:26  Stalker x2  
  107  12:34  Immortal  
  111  12:38  Stalker  
  113  12:52  Zealot  
  113  12:53  Zealot x3  
  111  13:02  Zealot x3  
  107  13:09  Stalker  
  105  13:18  Stalker x2  
  103  13:24  Stalker x4  
Show
View Real Time Build Order
Export as new Build Order

Creed Terran 

Build Orders: Gas First Reaper Expand, Banshee Rush 

Get SALT Encoding   

  12  0:00  SCV  
  13  0:12  SCV  
  14  0:17  Supply Depot  
  14  0:24  SCV  
  15  0:28  Refinery  
  15  0:38  SCV  
  16  0:44  Barracks  
  16  0:50  SCV  
  17  1:02  SCV  
  18  1:14  SCV  
  19  1:33  Reaper, Orbital Command  
  20  1:47  Command Center  
  20  2:01  Factory  
  20  2:06  Barracks Reactor  
  20  2:07  SCV  
  21  2:11  Refinery  
  21  2:16  Supply Depot  
  21  2:23  SCV  
  22  2:35  SCV  
  23  2:46  Starport  
  23  2:48  SCV  
  24  2:53  Hellion  
  24  2:54  Hellion, Barracks Tech Lab  
  28  3:01  Orbital Command  
  28  3:05  SCV  
  29  3:15  Hellion  
  29  3:17  Hellion  
  32  3:21  SCV  
  33  3:27  SCV  
  33  3:30  Cloaking Field  
  33  3:33  SCV  
  35  3:36  Banshee  
  38  3:43  SCV  
  38  3:45  SCV  
  38  3:47  Supply Depot  
  40  3:49  Marine x2  
  40  3:50  Factory Tech Lab  
  40  3:55  SCV  
  43  3:57  SCV  
  44  4:07  SCV  
  44  4:09  SCV, Siege Tank  
  49  4:10  Bunker  
  49  4:12  Marine x2  
  51  4:18  Supply Depot  
  51  4:19  Banshee  
  54  4:25  SCV x2  
  54  4:39  SCV, Marine x2  
  54  4:43  Command Center  
  54  4:44  SCV  
  58  4:49  Siege Tank  
  58  4:51  SCV  
  62  5:04  Marine  
  62  5:06  SCV  
  62  5:07  Marine  
  62  5:08  SCV  
  59  5:18  SCV  
  56  5:22  SCV  
  54  5:31  SCV  
  54  5:32  Barracks  
  54  5:33  Engineering Bay, Siege Tank, Barracks  
  54  5:34  Engineering Bay  
  56  5:37  Starport Reactor  
  56  5:38  Refinery x2  
  56  5:40  SCV  
  56  5:41  Marine  
  58  5:46  SCV  
  59  5:55  SCV  
  60  5:58  SCV  
  60  6:00  Marine  
  60  6:03  Orbital Command  
  62  6:07  SCV, Supply Depot  
  59  6:18  Barracks Tech Lab  
  59  6:23  Barracks Tech Lab  
  59  6:27  SCV x2  
  59  6:29  Bunker  
  59  6:31  Starport Reactor  
  61  6:33  Siege Tank  
  61  6:36  Orbital Command  
  60  6:44  Marine x2  
  60  6:45  Marauder, Marine  
  62  6:57  Bunker  
  62  7:03  Marauder  
  62  7:04  Supply Depot x2  
  62  7:05  SCV x2, Siege Tank  
  68  7:11  Combat Shield, Marine  
  68  7:13  Stimpack  
  68  7:14  Terran Infantry Weapons Level 1, Terran Infantry Armor Level 1  
  69  7:22  Supply Depot  
  69  7:25  SCV x2, Marine  
  69  7:26  Marauder  
  69  7:28  SCV  
  69  7:29  Marine  
  77  7:30  Marauder  
  77  7:37  SCV, Medivac x2  
  77  7:39  Siege Tank  
  77  7:43  Supply Depot  
  85  7:46  Marine  
  85  7:47  Supply Depot  
  86  7:51  Marauder  
  86  7:52  Marauder, Marine  
  91  8:00  Barracks  
  91  8:04  SCV x2  
  93  8:06  SCV  
  93  8:07  Barracks  
  93  8:08  Marine  
  93  8:12  Medivac  
  97  8:13  Marauder, Medivac  
  97  8:16  SCV  
  102  8:21  Marine  
  102  8:25  Marine  
  104  8:29  Armory  
  104  8:34  Marauder  
  104  8:35  Factory Reactor  
  104  8:38  SCV  
  107  8:44  Marauder, Marine x2  
  107  8:46  Orbital Command  
  111  8:48  Missile Turret  
  111  8:50  Missile Turret  
  111  8:53  SCV x2  
  111  8:54  Marine x2  
  115  8:56  Marauder  
  115  8:59  Missile Turret  
  115  9:00  Missile Turret  
  117  9:13  Marauder, Marine x2, Supply Depot x2  
  117  9:15  SCV x2  
  123  9:17  Marauder  
  122  9:25  SCV  
  122  9:27  SCV x2  
  125  9:36  Marine x3  
  125  9:37  Marauder x2, Terran Infantry Weapons Level 2  
  132  9:41  Supply Depot  
  132  9:43  Concussive Shells  
  132  9:49  Widow Mine  
  132  9:50  Widow Mine  
  136  9:55  Medivac x2  
  136  9:57  Marine  
  141  10:01  Marauder  
  129  10:14  Marine  
  129  10:15  Marauder  
  129  10:20  Widow Mine  
  129  10:21  SCV x3, Terran Infantry Armor Level 2, Widow Mine  
  123  10:30  Medivac  
  123  10:31  Medivac  
  123  10:33  SCV x3, Marine x4  
  123  10:34  Marauder x2  
  137  10:36  Marauder  
  137  10:42  Widow Mine x2  
  136  10:45  SCV x2  
  136  10:47  Command Center  
  138  10:53  Supply Depot  
  138  10:54  Supply Depot  
  138  10:56  Supply Depot  
  138  11:03  Marine x3  
  138  11:04  Marauder x2, Marine  
  142  11:05  Marauder  
  142  11:08  Refinery  
  142  11:09  Sensor Tower, Refinery  
  142  11:10  Ghost Academy, Widow Mine x2  
  149  11:15  SCV x2  
  149  11:16  Medivac x2  
  136  11:30  Marine x2  
  136  11:31  Marauder  
  123  11:35  Widow Mine x2  
  123  11:39  Marine  
  107  11:40  Marauder  
  107  11:44  Marine  
  107  11:45  Marine  
  107  11:46  Medivac x2  
  97  11:48  Marine  
  97  11:52  Marauder  
  87  11:57  Widow Mine x2  
  87  11:59  Marine x2  
  92  12:01  Marauder  
  78  12:12  Marine  
  78  12:13  Marauder  
  79  12:18  Marine  
  79  12:19  Marauder, SCV x2  
  70  12:24  Liberator x2  
  70  12:25  Marine x2  
  70  12:26  Marauder  
  70  12:27  Widow Mine x2  
  68  12:30  Marine  
  68  12:31  SCV x2  
  68  12:34  Marauder  
  68  12:36  Marine  
  73  12:40  Marauder  
  73  12:43  SCV, Marine  
  80  12:49  Widow Mine  
  75  13:02  Widow Mine  
Tags
 
Add a new tag
Caveats
  • Supply blocks, unpowered buildings, or Contaminate may cause inaccurate times.
  • Supply counts are checked every 10 seconds.